 Dungeon Crawl Stone Soup version 0.29.0-4-gdea44cf6ec (webtiles) character file.

Game seed: 8293939045412560957

2165 qw the Cleaver (level 9, -5/79 HPs)
             Began as a Minotaur Berserker on Sept 10, 2022.
             Was a Priest of Trog.
             Slain by a hornet (11 damage)
             ... while paralysed by a hornet
             ... on level 7 of the Dungeon.
             The game lasted 00:02:17 (7149 turns).

qw the Cleaver (Minotaur Berserker)                 Turns: 7149, Time: 00:02:18

Health: -5/79      AC: 12    Str: 25    XL:     9   Next: 10%
Magic:  8/8        EV:  2    Int:  4    God:    Trog [***...]
Gold:   393        SH:  0    Dex: 11    Spells: 8/8 levels left

rFire   + . .      SeeInvis .   r - +3 hand axe (vamp)
rCold   . . .      Faith    .   (no shield)
rNeg    + . .      Spirit   .   k - +0 chain mail
rPois   .          Reflect  .   (helmet restricted)
rElec   .          Harm     .   n - +0 cloak
rCorr   .          Rampage  .   i - +0 pair of gloves
Will    .....                   (no boots)
Stlth   ..........              e - amulet of the acrobat
HPRegen 0.23/turn               j - ring of protection from fire
MPRegen 0.11/turn               h - ring of positive energy

@: paralysed, lethally poisoned (-5 -> -16), on berserk cooldown, slowed
A: horns 2, retaliatory headbutt
a: Renounce Religion, Berserk, Trog's Hand


You were on level 7 of the Dungeon.
You worshipped Trog.
Trog was most pleased with you.
You visited 1 branch of the dungeon, and saw 7 of its levels.

You collected 393 gold pieces.


Innate Abilities, Weirdness & Mutations

You have a pair of horns on your head.
You reflexively headbutt those who attack you in melee.


   Skills:
 - Level 7.1 Fighting
 + Level 12.4 Axes
 - Level 1.6 Throwing
 - Level 5.0 Armour
 - Level 2.1 Dodging


You had 8 spell levels left.
You didn't know any spells.
Your spell library was empty.

Inventory:

Hand Weapons
 o - a +0 morningstar
 r - a +3 vampiric hand axe (weapon)
Missiles
 a - 6 boomerangs (quivered)
Armour
 i - a +0 pair of gloves (worn)
 k - a +0 chain mail (worn)
 n - a +0 cloak (worn)
Jewellery
 e - an amulet of the acrobat (around neck)
 h - a ring of positive energy (right hand)
 j - a ring of protection from fire (left hand)
Scrolls
 f - a scroll of identify
Potions
 d - a potion of resistance
 g - 5 potions of curing
 l - a potion of haste
 m - a potion of heal wounds {unknown}
 q - a potion of lignification {unknown}

Dungeon Overview and Level Annotations

Branches:
Dungeon (7/15)             Temple (0/1) D:7

Altars:
Cheibriados
Kikubaaqudgha
Vehumet
Yredelemnul


Message History

You closely miss the hornet.
You headbutt the hornet, but do no damage.
The hornet is heavily wounded.
The hornet stings you!
You feel as though you will be slow longer.
The hornet stings you!
You feel as though you will be slow longer.
You hit the hornet.
The hornet is heavily wounded.
The hornet barely misses you.
You miss the hornet.
The hornet is heavily wounded.
The hornet stings you!
You are poisoned.
You feel as though you will be slow longer.
The hornet stings you.
You are more poisoned.
You feel as though you will be slow longer.
You closely miss the hornet. Your headbutt misses the hornet.
The hornet is heavily wounded.
You feel very sick. The hornet stings you.
You feel as though you will be slow longer.
You closely miss the hornet. You headbutt the hornet!
The hornet is almost dead.
You feel very sick. The hornet barely misses you. The hornet stings you.
You are more poisoned.
You feel as though you will be slow longer.
You hit the hornet.
The hornet is almost dead.
You feel very sick. The hornet stings you.
You suddenly lose the ability to move!
You feel very sick. The hornet stings you.
You feel as though you will be slow longer.
The hornet stings you but does no damage.
You feel very sick. The hornet stings you!
You die...

....#.$.$$#.#
..?.....#..$..#.#
........#######.#
................#
................###
..................##
...................#
...................#
......y@)..........##
.....###............#
... ##..........# .
##..........#
#........####
##......###
#........##
#......#..##
#......##..##


You could see a hornet.

Vanquished Creatures
  Sigmund (D:4)
  Eustachio (D:4)
  Duvessa (D:4)
  An orc warrior (D:6)
  5 black bears
  A centaur (D:6)
  A phantom (D:4)
  A bullfrog (D:6)
  2 necrophages
  2 scorpions
  Dowan (D:4)
  A hound (D:4)
  2 jellies
  2 orc priests
  5 iguanas
  7 orc wizards
  A statue (D:5)
  A mummy (D:3)
  4 gnolls (D:5)
  7 adders
  3 dart slugs
  27 orcs
  10 ball pythons
  8 endoplasms
  A giant cockroach (D:2)
  6 goblins
  5 hobgoblins
  4 jackals (D:1)
  3 quokkas
  A bat (D:1)
  4 frilled lizards
  6 kobolds
  5 rats
130 creatures vanquished.

Notes
Turn   | Place    | Note
-------+----------+-------------------------------------------
     0 | D:1      | qw the Minotaur Berserker began the quest for the Orb.
     0 | D:1      | Reached XP level 1. HP: 19/19 MP: 0/0
     0 | D:1      | 0 ||| qw: Version: 0.1-a-116-g5d60599
     0 | D:1      | 0 ||| qw: Game counter: 7613
     0 | D:1      | 0 ||| qw: Always use a shield: true
     0 | D:1      | 0 ||| qw: Do Orc after D:15 true
     0 | D:1      | 0 ||| qw: Do second Lair branch before Depths: true
     0 | D:1      | 0 ||| qw: Lair rune preference: random
     0 | D:1      | 0 ||| qw: Plans: Normal
     0 | D:1      | 0 ||| PLANNING D:1-11
   139 | D:1      | Reached skill level 4 in Axes
   218 | D:1      | Reached XP level 2. HP: 26/26 MP: 1/1
   257 | D:1      | 257 ||| Stepping ~*~*~tactically~*~*~ (stealth).
   259 | D:1      | 259 ||| Stepping ~*~*~tactically~*~*~ (stealth).
   261 | D:1      | 261 ||| Stepping ~*~*~tactically~*~*~ (stealth).
   263 | D:1      | 263 ||| Stepping ~*~*~tactically~*~*~ (stealth).
   270 | D:1      | 270 ||| Stepping ~*~*~tactically~*~*~ (stealth).
   280 | D:1      | 280 ||| Stepping ~*~*~tactically~*~*~ (stealth).
   283 | D:1      | 283 ||| Stepping ~*~*~tactically~*~*~ (stealth).
   293 | D:1      | 293 ||| DROPPING +0 club.
   369 | D:1      | 369 ||| Stepping ~*~*~tactically~*~*~ (stealth).
   379 | D:1      | Reached skill level 5 in Axes
   547 | D:1      | Found a faded altar of an unknown god.
   550 | D:1      | Reached ** piety under Trog
   560 | D:1      | Reached XP level 3. HP: 31/31 MP: 2/2
   801 | D:1      | 801 ||| UPGRADING to ring of protection from fire.
   802 | D:1      | 802 ||| READING scroll labelled DAUZAA MUYCW.
   803 | D:1      | 803 ||| READING 2 scrolls labelled CYFAAS FEWOFAS.
   804 | D:1      | 804 ||| READING scroll of enchant weapon.
   804 | D:1      | 804 ||| ENCHANTING +1 hand axe.
   805 | D:1      | 805 ||| READING 2 scrolls labelled ZASMUO BYUW.
   806 | D:1      | 806 ||| READING 2 scrolls labelled QEDAOKL QYOL.
   807 | D:1      | 807 ||| READING scroll labelled XAMONT XUFI.
   808 | D:1      | 808 ||| DRINKING 3 sedimented blue potions.
   809 | D:1      | 809 ||| DROPPING scroll of poison.
   810 | D:1      | 810 ||| Stepping randomly (stuck).
   811 | D:1      | 811 ||| Stepping randomly (stuck).
   812 | D:1      | 812 ||| Stepping randomly (stuck).
   813 | D:1      | 813 ||| Stepping randomly (stuck).
   814 | D:1      | 814 ||| Stepping randomly (stuck).
   815 | D:1      | 815 ||| Stepping randomly (stuck).
   816 | D:1      | 816 ||| Stepping randomly (stuck).
   817 | D:1      | 817 ||| Stepping randomly (stuck).
   818 | D:1      | 818 ||| Stepping randomly (stuck).
   819 | D:1      | 819 ||| Stepping ~*~*~tactically~*~*~ (cloud).
  1140 | D:2      | 1140 ||| Stepping ~*~*~tactically~*~*~ (stealth).
  1291 | D:2      | 1291 ||| Stepping ~*~*~tactically~*~*~ (stealth).
  1303 | D:2      | 1303 ||| Stepping ~*~*~tactically~*~*~ (stealth).
  1308 | D:2      | 1308 ||| Stepping ~*~*~tactically~*~*~ (stealth).
  1630 | D:2      | 1630 ||| Stepping ~*~*~tactically~*~*~ (stealth).
  1631 | D:2      | 1631 ||| Stepping ~*~*~tactically~*~*~ (stealth).
  1632 | D:2      | 1632 ||| Stepping ~*~*~tactically~*~*~ (stealth).
  1634 | D:2      | 1634 ||| Stepping ~*~*~tactically~*~*~ (stealth).
  1641 | D:2      | Reached skill level 6 in Axes
  1641 | D:2      | Reached XP level 4. HP: 35/39 MP: 3/3
  2045 | D:2      | 2045 ||| UPGRADING to +0 leather armour.
  2055 | D:2      | 2055 ||| DROPPING +0 animal skin.
  2056 | D:2      | 2056 ||| READING scroll labelled OJO GACUREQY.
  2057 | D:2      | 2057 ||| DRINKING 2 fuming green potions.
  2058 | D:2      | 2058 ||| READING 2 scrolls of identify.
  2058 | D:2      | 2058 ||| IDENTIFYING ruby potion
  2059 | D:2      | 2059 ||| DROPPING potion of flight.
  2060 | D:2      | 2060 ||| DROPPING potion of degeneration.
  2106 | D:3      | 2106 ||| Stepping ~*~*~tactically~*~*~ (stealth).
  2109 | D:3      | 2109 ||| Stepping ~*~*~tactically~*~*~ (stealth).
  2111 | D:3      | 2111 ||| INVOKING Berserk.
  2126 | D:3      | 2126 ||| Stepping ~*~*~tactically~*~*~ (stealth).
  2187 | D:3      | 2187 ||| DROPPING +0 whip of electrocution.
  2196 | D:3      | 2196 ||| Stepping ~*~*~tactically~*~*~ (stealth).
  2272 | D:3      | 2272 ||| FLEEEEING.
  2273 | D:3      | 2273 ||| FLEEEEING.
  2278 | D:3      | 2278 ||| FLEEEEING.
  2279 | D:3      | 2279 ||| FLEEEEING.
  2280 | D:3      | 2280 ||| FLEEEEING.
  2281 | D:3      | 2281 ||| FLEEEEING.
  2282 | D:3      | 2282 ||| FLEEEEING.
  2283 | D:3      | 2283 ||| FLEEEEING.
  2284 | D:3      | 2284 ||| FLEEEEING.
  2285 | D:3      | 2285 ||| STAIRDANCE
  2348 | D:2      | 2348 ||| UPGRADING to amulet of the acrobat.
  2353 | D:2      | 2353 ||| READING scroll labelled NUKOPL UCWI.
  2357 | D:2      | 2357 ||| DRINKING 2 green potions.
  2358 | D:2      | 2358 ||| DROPPING potion of invisibility.
  2429 | D:3      | Found a snail-covered altar of Cheibriados.
  2492 | D:3      | 2492 ||| Stepping ~*~*~tactically~*~*~ (stealth).
  2547 | D:3      | 2547 ||| Stepping ~*~*~tactically~*~*~ (stealth).
  2700 | D:3      | Reached XP level 5. HP: 45/45 MP: 4/4
  2721 | D:3      | 2721 ||| DRINKING 2 sedimented silvery potions.
  2722 | D:3      | 2722 ||| DROPPING potion of attraction.
  2764 | D:4      | 2764 ||| Stepping ~*~*~tactically~*~*~ (hiding).
  2765 | D:4      | 2765 ||| Stepping ~*~*~tactically~*~*~ (hiding).
  2766 | D:4      | 2766 ||| Stepping ~*~*~tactically~*~*~ (hiding).
  2769 | D:4      | 2769 ||| INVOKING Berserk.
  2774 | D:4      | Reached skill level 7 in Axes
  2992 | D:4      | Reached *** piety under Trog
  3004 | D:4      | 3004 ||| FLEEEEING.
  3005 | D:4      | 3005 ||| FLEEEEING.
  3040 | D:4      | 3040 ||| Stepping ~*~*~tactically~*~*~ (stealth).
  3049 | D:4      | Noticed Dowan
  3050 | D:4      | Noticed Duvessa
  3052 | D:4      | 3052 ||| INVOKING Berserk.
  3056 | D:4      | Killed Dowan
  3057 | D:4      | Reached XP level 6. HP: 53/53 MP: 5/5
  3060 | D:4      | Reached skill level 8 in Axes
  3062 | D:4      | Killed Duvessa
  3304 | D:4      | Noticed Sigmund
  3306 | D:4      | Noticed Eustachio
  3310 | D:4      | 3310 ||| INVOKING Berserk.
  3326 | D:4      | Killed Eustachio
  3326 | D:4      | Killed Sigmund
  3327 | D:4      | Reached skill level 10 in Axes
  3327 | D:4      | Reached XP level 7. HP: 43/60 MP: 6/6
  3749 | D:4      | 3749 ||| Stepping ~*~*~tactically~*~*~ (stealth).
  4128 | D:4      | 4128 ||| UPGRADING to +0 ring mail.
  4138 | D:4      | 4138 ||| DROPPING +0 leather armour.
  4139 | D:4      | 4139 ||| UPGRADING to +0 pair of gloves.
  4144 | D:4      | 4144 ||| UPGRADING to +0 chain mail.
  4154 | D:4      | 4154 ||| DROPPING +0 ring mail.
  4155 | D:4      | 4155 ||| READING scroll labelled MAOS OSEWEKUVVE.
  4169 | D:5      | Entered Level 5 of the Dungeon
  4193 | D:5      | 4193 ||| INVOKING Berserk.
  4304 | D:5      | 4304 ||| INVOKING Berserk.
  4307 | D:5      | Reached skill level 3 in Armour
  4307 | D:5      | Reached XP level 8. HP: 70/70 MP: 7/7
  4465 | D:5      | 4465 ||| Stepping ~*~*~tactically~*~*~ (hiding).
  4468 | D:5      | 4468 ||| Stepping ~*~*~tactically~*~*~ (hiding).
  4499 | D:5      | 4499 ||| FLEEEEING.
  4504 | D:5      | 4504 ||| FLEEEEING.
  4505 | D:5      | 4505 ||| FLEEEEING.
  4506 | D:5      | 4506 ||| FLEEEEING.
  4507 | D:5      | 4507 ||| FLEEEEING.
  4508 | D:5      | 4508 ||| FLEEEEING.
  4509 | D:5      | 4509 ||| FLEEEEING.
  4510 | D:5      | 4510 ||| FLEEEEING.
  4511 | D:5      | 4511 ||| FLEEEEING.
  4512 | D:5      | 4512 ||| FLEEEEING.
  4514 | D:5      | 4514 ||| FLEEEEING.
  4515 | D:5      | 4515 ||| FLEEEEING.
  4516 | D:5      | 4516 ||| FLEEEEING.
  4517 | D:5      | 4517 ||| FLEEEEING.
  4518 | D:5      | 4518 ||| FLEEEEING.
  4519 | D:5      | 4519 ||| FLEEEEING.
  4520 | D:5      | 4520 ||| FLEEEEING.
  4521 | D:5      | 4521 ||| STAIRDANCE
  4623 | D:4      | 4623 ||| READING 2 scrolls of identify.
  4623 | D:4      | 4623 ||| IDENTIFYING fizzy inky potion
  4624 | D:4      | 4624 ||| DROPPING potion of berserk rage.
  4631 | D:5      | Reached skill level 1 in Throwing
  4654 | D:5      | 4654 ||| STAIRDANCE
  4732 | D:5      | Reached skill level 6 in Fighting
  4825 | D:5      | Found an ancient bone altar of Kikubaaqudgha.
  4880 | D:5      | 4880 ||| Stepping ~*~*~tactically~*~*~ (stealth).
  5176 | D:5      | 5176 ||| INVOKING Berserk.
  5179 | D:5      | Reached skill level 11 in Axes
  5406 | D:5      | Found a radiant altar of Vehumet.
  5412 | D:5      | 5412 ||| INVOKING Berserk.
  5795 | D:5      | 5795 ||| UPGRADING to ring of positive energy.
  5870 | D:6      | 5870 ||| Stepping ~*~*~tactically~*~*~ (stealth).
  5907 | D:6      | 5907 ||| FLEEEEING.
  5908 | D:6      | 5908 ||| FLEEEEING.
  5909 | D:6      | 5909 ||| FLEEEEING.
  5910 | D:6      | 5910 ||| FLEEEEING.
  5930 | D:6      | 5930 ||| Stepping ~*~*~tactically~*~*~ (hiding).
  5933 | D:6      | 5933 ||| FLEEEEING.
  5934 | D:6      | 5934 ||| Stepping ~*~*~tactically~*~*~ (hiding).
  5935 | D:6      | 5935 ||| FLEEEEING.
  5941 | D:6      | 5941 ||| INVOKING Berserk.
  5950 | D:6      | Reached skill level 12 in Axes
  6044 | D:6      | 6044 ||| DROPPING +0 flail.
  6126 | D:6      | 6126 ||| READING scroll of enchant weapon.
  6126 | D:6      | 6126 ||| ENCHANTING +2 hand axe.
  6139 | D:6      | Identified the +3 leather armour of Rufaofro {Harm Will+}
  6574 | D:6      | 6574 ||| INVOKING Berserk.
  6817 | D:6      | 6817 ||| UPGRADING to +0 cloak.
  6822 | D:6      | 6822 ||| READING scroll labelled NUZYBBAGAH.
  6823 | D:6      | 6823 ||| READING scroll labelled OKOEFIA VUALL.
  6824 | D:6      | 6824 ||| READING scroll labelled FITREP DESUTI.
  6825 | D:6      | 6825 ||| READING 3 scrolls of identify.
  6825 | D:6      | 6825 ||| IDENTIFYING bubbling dark potion
  6826 | D:6      | 6826 ||| READING 2 scrolls of identify.
  6826 | D:6      | 6826 ||| IDENTIFYING fizzy brown potion
  6884 | D:7      | Found a staircase to the Ecumenical Temple.
  6890 | D:7      | 6890 ||| INVOKING Berserk.
  6897 | D:7      | Reached XP level 9. HP: 79/79 MP: 8/8
  7069 | D:7      | Found a basalt altar of Yredelemnul.
  7077 | D:7      | 7077 ||| READING scroll of teleportation.
  7111 | D:7      | 7111 ||| Stepping ~*~*~tactically~*~*~ (hiding).
  7124 | D:7      | 7124 ||| INVOKING Berserk.
  7147 | D:7      | HP: 16/79 [hornet (4)]
  7147 | D:7      | Paralysed by a hornet for 3 turns
  7149 | D:7      | HP: 6/79 [poisoned by a hornet]
  7149 | D:7      | Slain by a hornet

Levels and vault maps discovered:
D:1:      minmay_arrival_split_and_join, layout_rooms,
          dreamdust_ecumenical_altar_statues, minmay_crystal_water,
          kennysheep_another_room
D:2:      layout_basic
D:3:      layout_rooms, slow_altar_1
D:4:      layout_cave_pools, nicolae_kite_square_tiling_tiny, uniq_duvessa,
          uniq_eustachio, uniq_sigmund
D:5:      layout_loops_corners, vehumet_statue, kiku_gazebo_garden_becter
D:6:      layout_loops_corners
D:7:      layout_cave_pods, amcnicky_altar_gilded,
          mainiacjoe_overflow_large_starburst, minmay_temple_entry_purple_smoke

Skill      XL: |  1  2  3  4  5  6  7  8  9 |
---------------+----------------------------+-----
Axes           | 4 5 6 7 10 12 | 12.4
Fighting       | 4 5 7 |  7.1
Armour         | 3 4 5 |  5.0
Throwing       | 1 |  1.6
Dodging        | |  2.1

Action                   |  1- 3 |  4- 6 |  7- 9 || total
-------------------------+-------+-------+-------++-------
Melee: Hand axe          |    72 |    82 |   163 ||   317
       Headbutt          |     7 |    10 |    27 ||    44
       Punch             |       |     1 |     5 ||     6
Throw: Boomerang         |       |       |    29 ||    29
Invok: Berserk           |       |     4 |     8 ||    12
  Use: Scroll            |     6 |     3 |     9 ||    18
       Potion            |     1 |     3 |       ||     4
Armor: Animal skin       |    11 |       |       ||    11
       Leather armour    |       |     7 |       ||     7
       Chain mail        |       |       |    32 ||    32
Dodge: Dodged            |    41 |    39 |    47 ||   127

Table legend:
 A = Non-vault XP
 B = Vault XP
 C = Vault XP percentage of total XP
 D = Non-vault monster count
 E = Vault monster count
 F = Vault count percentage of total count
                 A         B        C        D         E       F
            +---------+---------+-------+---------+---------+-------
      Total |    2422 |     671 |  21.7 |     124 |       6 |   4.6
            +---------+---------+-------+---------+---------+-------
        D:1 |      49 |       0 |   0.0 |      25 |       0 |   0.0
        D:2 |      50 |       0 |   0.0 |      16 |       0 |   0.0
        D:3 |      79 |      18 |  18.6 |      16 |       1 |   5.9
        D:4 |     442 |     621 |  58.4 |      23 |       4 |  14.8
        D:5 |     622 |      32 |   4.9 |      17 |       1 |   5.6
        D:6 |     818 |       0 |   0.0 |      20 |       0 |   0.0
        D:7 |     362 |       0 |   0.0 |       7 |       0 |   0.0
            +---------+---------+-------+---------+---------+-------
